 Dungeon Crawl Stone Soup version 0.26-a0-663-g36e8fdb655 (webtiles) character file.

Game seed: 13044962080684135096

6481 jasper the Grappler (level 11, -1/58 HPs)
             Began as a Vine Stalker Berserker on Oct 12, 2020.
             Was a High Priest of Trog.
             Succumbed to a killer bee's poison
             ... on level 9 of the Dungeon.
             The game lasted 00:08:35 (6621 turns).

jasper the Grappler (Vine Stalker Berserker)        Turns: 6621, Time: 00:08:35

Health: -1/58      AC: 10    Str: 23    XL:     11   Next: 0%
Magic:  2/12       EV: 10    Int:  7    God:    Trog [*****.]
Gold:   231        SH: 10    Dex: 14    Spells: 10/10 levels left

rFire    . . .     SeeInvis .     - Unarmed
rCold    . . .     Faith    .   v - +0 kite shield
rNeg     . . .     Spirit   +   f - +0 scale mail
rPois    .         Reflect  .   (no helmet)
rElec    .         Harm     .   c - +0 cloak
rCorr    .         Rampage  .   (no gloves)
MR       +....                  u - +0 pair of boots
Stlth    ..........             (no amulet)
HPRegen  0.59/turn              h - ring of wizardry
MPRegen  0.13/turn              (no ring)

@: lethally poisoned (-1 -> -19), berserk cooldown, slowed, very slow
A: fangs 3, regeneration 1, magic shield, antimagic bite, no potion heal 3, rot
immunity
a: Berserk, Trog's Hand, Brothers in Arms, Renounce Religion


You were on level 9 of the Dungeon.
You worshipped Trog.
Trog was extremely pleased with you.
You visited 1 branch of the dungeon, and saw 9 of its levels.

You collected 495 gold pieces.
You spent 264 gold pieces at shops.

Inventory:

Missiles
 g - 187 stones
 j - 50 poisoned darts (quivered)
Armour
 a - a +0 animal skin
 c - a +0 cloak (worn)
 f - a +0 scale mail (worn)
 u - a +0 pair of boots (worn)
 v - a +0 kite shield (worn)
Jewellery
 h - a ring of wizardry (left hand)
Wands
 s - a wand of digging (10)
 F - a wand of flame (17)
 H - a wand of random effects (14)
 I - a wand of polymorph (9)
Scrolls
 b - 4 scrolls of amnesia
 d - 2 scrolls of magic mapping
 i - 2 scrolls of remove curse
 k - 3 scrolls of fear
 l - 2 scrolls of fog {unknown}
 m - 2 scrolls of blinking {unknown}
 o - a scroll of enchant weapon {unknown}
 t - 2 scrolls of immolation {unknown}
 w - a scroll of random uselessness {unknown}
 x - a scroll of enchant armour {unknown}
 y - a scroll of noise {unknown}
 B - 5 scrolls of identify
 D - 2 scrolls of teleportation {unknown}
 G - a scroll of summoning {unknown}
Potions
 e - 5 potions of lignification
 n - 6 potions of curing
 p - 4 potions of heal wounds {unknown}
 q - 3 potions of mutation
 r - a potion of magic {unknown}
 z - 4 potions of brilliance
 A - a potion of stabbing {unknown}
 C - a potion of cancellation {unknown}
 E - a potion of degeneration {unknown}


   Skills:
 + Level 7.1 Fighting
 + Level 6.0 Armour
 - Level 5.0 Dodging
 + Level 3.5 Shields
 * Level 10.4 Unarmed Combat
 + Level 3.5 Evocations


You had 10 spell levels left.
You didn't know any spells.
Your spell library was empty.

Dungeon Overview and Level Annotations

Branches:
Dungeon (9/15)             Temple (0/1) D:5            Lair (0/6) D:8
    Orc: D:9-12

Altars:
Fedhas
Makhleb
Okawaru
Trog
Uskayaw
Xom
Yredelemnul
Zin

Shops:
D:4 !


Innate Abilities, Weirdness & Mutations

You have razor-sharp teeth.
Your natural rate of healing is unusually fast.
When hurt, damage is shared between your health and your magic reserves.
Your bite disrupts and absorbs the magic of your enemies.
Potions cannot restore your health.
You are immune to rotting.


Message History

The killer bee poisons you! The killer bee stings you.
You take 4 damage, and have 4/82 hp.
You now have 2/11 mp.
Unknown command.
* * * LOW HITPOINT WARNING * * *
You feel sick.
You take 1 damage, and have 3/82 hp.
You punch the killer bee! Your bite misses the killer bee.
The killer bee is severely wounded.
* * * LOW HITPOINT WARNING * * *
You feel sick. You block the killer bee's attack.
You take 2 damage, and have 1/82 hp.
Unknown command.
You punch the killer bee!
You kill the killer bee!
Trog accepts your kill.
You have reached level 11!
You are no longer berserk.
You are exhausted.
You feel yourself slow down.
You die...

##......###
##.........###
......
##............#
......
##.............#
.<....
##..............#
$...#
#...............#
....
#..............##
#..##..........[...#
#.)#@..............#
#.)k†.............##
#..†..............#
#.?..............##
#.....##...........#
#####.######......##
#.# ######## ##. .


You could see a killer bee.

Vanquished Creatures
  Harold (D:9)
  Joseph (D:7)
  A troll (D:9)
  Sigmund (D:4)
  5 wyverns (D:8)
  4 yaks (D:8)
  3 water moccasins
  An orc warrior (D:9)
  A black bear (D:6)
  A phantom (D:7)
  5 ogres
  6 centaurs
  Blork the orc (D:6)
  3 bullfrogs
  A wyvern skeleton (D:7)
  A scorpion (D:4)
  10 killer bees
  3 wights (D:8)
  2 vampire bats (D:3)
  2 howler monkeys (D:4)
  2 centaur zombies
  A lava snake (D:8)
  2 orc priests
  4 hounds
  4 jellies
  6 orc wizards
  Crazy Yiuf (D:4)
  Natasha (twice) (D:3)
  A bullfrog skeleton (D:9)
  A gnoll shaman (D:8)
  Ijyb (D:3)
  3 iguanas
  4 worker ants
  Terence (D:3)
  A hound zombie (D:8)
  A hound skeleton (D:8)
  A worker ant zombie (D:5)
  A howler monkey skeleton (D:5)
  10 adders
  A shadow imp (D:8)
  2 white imps
  4 ufetubi
  3 adder skeletons
  6 worms
  4 dart slugs
  A leopard gecko (D:6)
  25 orcs
  15 giant cockroaches
  6 goblins
  8 hobgoblins
  7 jackals
  2 quokkas
  12 bats
  6 frilled lizards
  6 kobolds
  4 quokka skeletons
  A quokka zombie (D:8)
  9 rats
222 creatures vanquished.

Vanquished Creatures (others)
  6 fungi (D:2)
  7 plants (D:8)
13 creatures vanquished.

Grand Total: 235 creatures vanquished

Notes
Turn   | Place    | Note
-------+----------+-------------------------------------------
     0 | D:1      | jasper the Vine Stalker Berserker began the quest for the
                  | Orb.
     0 | D:1      | Reached XP level 1. HP: 11/11 MP: 2/2
    58 | D:1      | Reached XP level 2. HP: 16/16 MP: 3/3
   579 | D:1      | Reached ** piety under Trog
   579 | D:1      | Reached XP level 3. HP: 15/19 MP: 2/4
  1202 | D:2      | Found a blossoming altar of Fedhas.
  1371 | D:3      | Gained mutation: Your natural rate of healing is unusually
                  | fast. [Vine Stalker growth]
  1371 | D:3      | Reached XP level 4. HP: 17/24 MP: 5/5
  1580 | D:3      | Noticed Terence
  1591 | D:3      | Killed Terence
  1591 | D:3      | Reached skill level 4 in Unarmed Combat
  1692 | D:3      | Noticed Ijyb
  1699 | D:3      | Killed Ijyb
  1699 | D:3      | Reached XP level 5. HP: 28/28 MP: 6/6
  1708 | D:3      | Noticed a moth of wrath
  1713 | D:3      | Found a bloodstained altar of Trog.
  1871 | D:3      | Noticed Natasha
  1885 | D:3      | Killed Natasha
  1920 | D:3      | Noticed Natasha
  1927 | D:3      | Killed Natasha
  1928 | D:3      | Reached *** piety under Trog
  1972 | D:3      | Reached XP level 6. HP: 32/32 MP: 7/7
  2273 | D:4      | Reached skill level 5 in Unarmed Combat
  2334 | D:4      | Reached XP level 7. HP: 37/37 MP: 8/8
  2334 | D:4      | Noticed Sigmund
  2351 | D:4      | Killed Sigmund
  2444 | D:4      | Found a runed translucent door.
  2445 | D:4      | Noticed Crazy Yiuf
  2622 | D:4      | Reached skill level 6 in Unarmed Combat
  2672 | D:4      | Found Lonan's Distillery.
  2682 | D:4      | Bought 2 potions of lignification for 66 gold pieces
  2682 | D:4      | Bought a potion of brilliance for 44 gold pieces
  2682 | D:4      | Bought 2 potions of lignification for 66 gold pieces
  2682 | D:4      | Bought a potion of mutation for 88 gold pieces
  2865 | D:4      | Killed Crazy Yiuf
  2918 | D:5      | Entered Level 5 of the Dungeon
  2989 | D:5      | Gained mutation: You have razor-sharp teeth. [Vine Stalker
                  | growth]
  2989 | D:5      | Reached XP level 8. HP: 40/42 MP: 9/9
  3052 | D:5      | Reached **** piety under Trog
  3250 | D:5      | Found a staircase to the Ecumenical Temple.
  3306 | D:5      | Reached skill level 7 in Unarmed Combat
  3635 | D:6      | Reached skill level 5 in Fighting
  3758 | D:6      | Noticed Blork the orc
  3767 | D:6      | Killed Blork the orc
  3824 | D:6      | Noticed an angel
  3825 | D:6      | Found a glowing silver altar of Zin.
  3901 | D:6      | Found a shimmering altar of Xom.
  4031 | D:6      | Reached XP level 9. HP: 44/47 MP: 8/10
  4227 | D:6      | Reached skill level 8 in Unarmed Combat
  4661 | D:7      | Noticed Joseph
  4671 | D:7      | Killed Joseph
  4709 | D:7      | Reached ***** piety under Trog
  4775 | D:7      | Reached skill level 5 in Dodging
  4888 | D:7      | Reached skill level 5 in Armour
  5465 | D:8      | Found a basalt altar of Yredelemnul.
  5466 | D:8      | Found a burning altar of Makhleb.
  5467 | D:8      | Found a hide-covered altar of Uskayaw.
  5561 | D:8      | Reached skill level 1 in Shields
  5561 | D:8      | Reached skill level 1 in Evocations
  5701 | D:8      | Reached skill level 9 in Unarmed Combat
  5804 | D:8      | Reached XP level 10. HP: 53/53 MP: 11/11
  5848 | D:8      | Received a gift from Trog
  6100 | D:8      | Found a staircase to the Lair.
  6375 | D:9      | Reached skill level 10 in Unarmed Combat
  6421 | D:9      | Found an iron altar of Okawaru.
  6589 | D:9      | Noticed Harold
  6608 | D:9      | Killed Harold
  6618 | D:9      | HP: 4/82 [killer bee (3)]
  6620 | D:9      | HP: 1/82 [poisoned by a killer bee]
  6621 | D:9      | Reached XP level 11. HP: 1/58 MP: 2/12
  6621 | D:9      | Succumbed to a killer bee's poison

Illustrated notes

Levels and vault maps discovered:
D:1:      scummos_arrival_forest, layout_rooms
D:2:      layout_rooms, fedhas_altar_3
D:3:      minmay_roachtagon, layout_basic, tgw_trog, roderic_batcave,
          uniq_natasha, uniq_terence, uniq_ijyb
D:4:      layout_rooms, serial_shops, nicolae_shop_crystal, uniq_sigmund,
          uniq_crazy_yiuf_cottage
D:5:      layout_basic, minmay_temple_entry_trees
D:6:      layout_loops_ring, zin_angel, tgw_xom, minivault_27,
          serial_bayou_pond_d, uniq_blork_the_orc
D:7:      layout_loops_ring, uniq_joseph
D:8:      minmay_skewed_foursquare, layout_basic,
          chequers_temple_overflow_statue_of_worship, minmay_lair_entry_grove,
          kennysheep_generic_room_4
D:9:      layout_cave_pods, okawaru_trees_2, uniq_harold

Skill      XL: |  1  2  3  4  5  6  7  8  9 10 |
---------------+-------------------------------+-----
Fighting       | 3 4 5 6 7 |  7.1
Dodging        | 2 3 4 5 |  5.0
Armour         | 2 3 4 5 6 |  6.0
Unarmed Combat | 4 5 6 7 9 10 | 10.4
Shields        | 1 3 |  3.5
Evocations     | 1 3 |  3.5

Action                   |  1- 3 |  4- 6 |  7- 9 | 10-12 || total
-------------------------+-------+-------+-------+-------++-------
Melee: Unarmed           |    95 |   126 |   276 |   139 ||   636
       Bite              |    19 |    45 |    83 |    45 ||   192
       Punch             |       |     2 |     3 |       ||     5
Throw: Stone             |     1 |       |       |       ||     1
       Dart              |    12 |     4 |       |       ||    16
Invok: Berserk           |     5 |     9 |    15 |     3 ||    32
       Trog's Hand       |       |       |     1 |       ||     1
  Use: Scroll            |       |       |     4 |       ||     4
       Potion            |       |       |     1 |       ||     1
 Stab: Distracted        |       |       |     1 |       ||     1
Armor: Animal skin       |    14 |       |       |       ||    14
       Scale mail        |    10 |    47 |    92 |    43 ||   192
Dodge: Dodged            |    54 |    79 |   120 |    68 ||   321
Block: Kite shield       |       |       |    29 |    97 ||   126

Table legend: (Time is in decaauts)
 A = Elapsed time spent in this place.
 B = Non-inter-level travel time spent in this place.
 C = Inter-level travel time spent in this place.
 D = Time resting spent in this place.
 E = Time spent auto-exploring this place.
 F = Levels seen in this place.
 G = Mean time per level.
                   A        B        C        D        E       F      G
               +--------+--------+--------+--------+--------+-----+--------+
         Total |   6807 |   6599 |    208 |    542 |   4836 |   9 |  756.3 |
       Dungeon |   6807 |   6599 |    208 |    542 |   4836 |   9 |  756.3 |
               +--------+--------+--------+--------+--------+-----+--------+

Top non-repeatable levels by time:
     D:8: 1030 daAuts
     D:3: 912 daAuts
     D:6: 880 daAuts
     D:7: 844 daAuts
     D:1: 770 daAuts
     D:4: 722 daAuts
     D:5: 712 daAuts
     D:2: 628 daAuts
     D:9: 304 daAuts
